 Dungeon Crawl Stone Soup version 0.20.1-4-g4af34eaf8e (webtiles) character file.

562 Alfie the Archer (level 7, -2/59 HPs)
             Began as a Minotaur Hunter on Mar 6, 2020.
             Slain by a centaur (6 damage)
             ... on level 5 of the Dungeon.
             The game lasted 00:14:02 (3391 turns).

Alfie the Archer (Minotaur Hunter)                  Turns: 3391, Time: 00:14:02

Health: -2/59      AC:  3    Str: 21    XL:     7   Next: 10%
Magic:  6/6        EV: 12    Int:  8    God:
Gold:   314        SH:  0    Dex: 10    Spells: 6/6 levels left

rFire    . . .     SeeInvis .   b - +0 short sword
rCold    . . .     Gourm    .   (no shield)
rNeg     . . .     Faith    .   c - +0 leather armour
rPois    .         Spirit   .   (helmet restricted)
rElec    .         Reflect  .   (no cloak)
rCorr    .         Harm     .   (no gloves)
MR       .....                  (no boots)
Stlth    +.........             (no amulet)
Regen    0.2/turn               n - +2 ring of strength
MPRegen  0.1/turn               (no ring)

@: no status effects
A: retaliatory headbutt, horns 2
a: no special abilities


You were on level 5 of the Dungeon.
You were not hungry.

You visited 1 branch of the dungeon, and saw 5 of its levels.

You collected 314 gold pieces.

Inventory:

Hand Weapons
 a - a +1 shortbow
 b - a +0 short sword (weapon)
Armour
 c - a +0 leather armour (worn)
Jewellery
 i - an uncursed ring of positive energy
 l - an uncursed ring of wizardry
 n - a +2 ring of strength (left hand)
Wands
 o - a wand of digging (12/24)
Scrolls
 e - a scroll of recharging
 h - a scroll of magic mapping
 j - 6 scrolls of identify
 m - 3 scrolls of teleportation
 t - 3 scrolls of remove curse
Potions
 g - a potion of heal wounds {unknown}
 k - 3 potions of flight {unknown}
 q - a potion of berserk rage {unknown}
 s - a potion of agility {unknown}
 v - a potion of resistance {unknown}
 x - a potion of mutation {unknown}
Comestibles
 f - 7 bread rations
 p - 2 royal jellies
 r - 2 fruits
 u - a meat ration


   Skills:
 + Level 4.1 Fighting
 + Level 1.2 Short Blades
 + Level 8.1 Bows
 + Level 2.2 Armour
 + Level 2.5 Dodging
 + Level 1.6 Stealth


You had 6 spell levels left.
You didn't know any spells.

Dungeon Overview and Level Annotations

Branches:
Dungeon (5/15)
 Temple: D:4-7

Altars:
Yredelemnul

Annotations:
D:5 Alfie's ghost, amateur MiHu


Innate Abilities, Weirdness & Mutations

You reflexively headbutt those who attack you in melee.
You have a pair of horns on your head.


Message History

You miss Alfie's ghost. Alfie's ghost hits you!
The centaur wields a shortbow.
The centaur shoots an arrow.
The arrow hits you.
Found 22 stones.
You see here an arrow.
Alfie's ghost whispers, "The ORB doesn't exist."
Alfie's ghost closely misses you. You furiously retaliate!
You headbutt Alfie's ghost.
The centaur shoots an arrow.
The arrow barely misses you.
The centaur unwields an uncursed shortbow.
The centaur barely misses you. You furiously retaliate!
You headbutt the centaur, but do no damage.
You hit the centaur.
You headbutt the centaur, but do no damage.
The centaur is lightly wounded.
The centaur hits you!
* * * LOW HITPOINT WARNING * * *
Alfie's ghost hits you!
* * * LOW HITPOINT WARNING * * *
The centaur hits you.
You die...

.... #..# #..#
..### # ##....
#.###.#..
...#.c#
#.##.##@####
#.#....W...#.##
#.#..(.(......#
#.............(
#...(..........
#..............
#.#
###>...(......#
#.#
#..........##
...
##.#########
#.#


You could see a centaur and Alfie's ghost.

Vanquished Creatures
  Purgy (D:3)
  2 bullfrog zombies (D:5)
  An orc priest (D:4)
  A hound (D:4)
  An iguana (D:4)
  Jessica (D:3)
  4 worker ants (D:4)
  A killer bee zombie (D:5)
  A worker ant zombie (D:5)
  5 gnolls
  2 adders
  2 adder zombies (D:5)
  6 worms
  3 dart slugs
  2 leopard geckos
  8 orcs
  5 giant cockroaches
  8 goblins
  6 hobgoblins
  5 jackals
  3 kobolds
  A ball python (D:1)
  5 bats
  5 frilled lizards
  A leopard gecko skeleton (D:4)
  6 rats
  A spectral orc (D:3)
87 creatures vanquished.

Notes
Turn   | Place    | Note
-------+----------+-------------------------------------------
     0 | D:1      | Alfie the Minotaur Hunter began the quest for the Orb.
     0 | D:1      | Reached XP level 1. HP: 18/18 MP: 0/0
   131 | D:1      | Reached XP level 2. HP: 24/25 MP: 1/1
   151 | D:1      | Reached skill level 5 in Bows
   495 | D:1      | Reached XP level 3. HP: 24/30 MP: 2/2
   727 | D:2      | Reached skill level 1 in Stealth
   767 | D:2      | Reached XP level 4. HP: 26/37 MP: 3/3
  1119 | D:2      | Reached skill level 6 in Bows
  1700 | D:3      | Noticed Purgy
  1715 | D:3      | Killed Purgy
  1715 | D:3      | Reached skill level 1 in Armour
  1715 | D:3      | Reached XP level 5. HP: 30/45 MP: 4/4
  1821 | D:3      | Found a basalt altar of Yredelemnul.
  1857 | D:3      | Noticed Jessica
  1860 | D:3      | Killed Jessica
  2253 | D:3      | Reached skill level 7 in Bows
  2447 | D:4      | Reached XP level 6. HP: 51/51 MP: 5/5
  3072 | D:5      | Entered Level 5 of the Dungeon
  3072 | D:5      | Noticed Alfie's ghost (amateur MiHu)
  3163 | D:5      | Reached skill level 1 in Short Blades
  3294 | D:5      | Reached XP level 7. HP: 44/59 MP: 6/6
  3317 | D:5      | Reached skill level 8 in Bows
  3391 | D:5      | Slain by a centaur

Skill      XL: |  1  2  3  4  5  6  7 |
---------------+----------------------+-----
Bows           | 5 6 7 8 |  8.1
Stealth        | 1 |  1.6
Fighting       | 3 4 |  4.1
Armour         | 1 2 |  2.2
Short Blades   | 1 |  1.2
Dodging        | |  2.5

Action                   |  1- 3 |  4- 6 |  7- 9 || total
-------------------------+-------+-------+-------++-------
Melee: Short sword       |     5 |    27 |     8 ||    40
       Headbutt          |     1 |     8 |     3 ||    12
 Fire: Shortbow          |    75 |   173 |     9 ||   257
Throw: Tomahawk          |       |     2 |     3 ||     5
  Use: Scroll            |     2 |     9 |       ||    11
       Potion            |       |     2 |       ||     2
 Stab: Sleeping          |       |     1 |       ||     1
  Eat: Royal jelly       |       |     2 |       ||     2
       Fruit             |       |     3 |       ||     3
       Bread ration      |       |       |     1 ||     1
Armor: Leather armour    |     2 |    12 |     2 ||    16
Dodge: Dodged            |    21 |    50 |     9 ||    80
